 Dungeon Crawl Stone Soup version 0.27-a0-1081-ge8a0a9c698 (webtiles) character file.

Game seed: 17254464651760718592

230 dolemite99 the Cutter (level 5, 0/40 HPs)
             Began as a Draconian Transmuter on Apr 26, 2021.
             Slain by Grinder (7 damage)
             ... on level 4 of the Dungeon.
             The game lasted 00:04:23 (4147 turns).

dolemite99 the Cutter (Draconian Transmuter)        Turns: 4147, Time: 00:04:23

Health: 0/40       AC:  6    Str: 13    XL:     5   Next: 72%
Magic:  8/8        EV: 12    Int: 14    God:
Gold:   60         SH:  0    Dex: 11    Spells: 7/8 levels left

rFire    . . .     SeeInvis .     - Unarmed
rCold    . . .     Faith    .   (no shield)
rNeg     . . .     Spirit   .   (armour unavailable)
rPois    .         Reflect  .   (helmet unavailable)
rElec    .         Harm     .   (no cloak)
rCorr    .         Rampage  .   a - +0 pair of gloves
Will     .....                  (boots currently unavailable)
Stlth    +.........             (no amulet)
HPRegen  1.13/turn              (no ring)
MPRegen  0.11/turn              (no ring)

@: mighty, appendages (expiring), hasted, very quick
A: horns 3, talons 2, AC +5, unfitting armour, cold-blooded, sense surroundings
1, regeneration 1
a: End Transformation


You were on level 4 of the Dungeon.
You had temporarily grown beastly horns and talons.
You visited 1 branch of the dungeon, and saw 5 of its levels.

You collected 60 gold pieces.

Inventory:

Hand Weapons
 b - a +4 dagger of venom
 h - a +0 hunting sling of freezing
 i - a +0 hunting sling
Missiles
 e - 29 arrows
 k - 8 atropa-tipped darts
Armour
 a - a +0 pair of gloves (worn)
Scrolls
 f - 2 scrolls of identify {unknown}
 l - a scroll of amnesia {unknown}
Potions
 c - 2 potions of mutation
 d - a potion of haste
 m - a potion of attraction {unknown}


   Skills:
 - Level 1.1 Fighting
 + Level 4.3 Short Blades
 - Level 1.7 Dodging
 - Level 3.1 Unarmed Combat
 - Level 2.0 Spellcasting
 + Level 3.8 Transmutations


You had 7 spell levels left.
You knew the following spells:

 Your Spells              Type           Power      Damage    Failure   Level
a - Beastly Appendage     Tmut           24%        N/A       4%          1

Your spell library contained the following spells:

 Spells                   Type           Power      Damage    Failure   Level
 Wereblood                Tmut           12%        N/A       8%          2
 Freeze                   Ice            4%         1d3       24%         1
 Spider Form              Tmut/Pois      3%         N/A       32%         3
 Frozen Ramparts          Ice            2%         1d2       56%         3
 Ozocubu's Armour         Ice            1%         N/A       56%         3
 Ice Form                 Ice/Tmut       6%         N/A       73%         4
 Hydra Form               Tmut           6%         N/A       80%         5
 Hailstorm                Conj/Ice       1%         3d3       93%         4
 Metabolic Englaciation   Hex/Ice        0%         N/A       100%        5


Dungeon Overview and Level Annotations

Branches:
Dungeon (5/15)
 Temple: D:4-7

Altars:
Fedhas

Annotations:
D:4 Grinder


Innate Abilities, Weirdness & Mutations

You have temporarily grown beastly horns and talons.
Your plain brown scales are hard. (AC +5)
You cannot fit into any form of body armour.
You are cold-blooded and may be slowed by cold attacks.
You passively map a small area around you.
Your natural rate of healing is unusually fast.


Message History

Grinder is heavily wounded.
Grinder drinks a potion.
Grinder is healed!
As you read the scroll of enchant weapon, it crumbles to dust.
Your +3 dagger of venom glows red for a moment.
Grinder closely misses you.
You puncture Grinder! You headbutt Grinder!
Grinder is heavily wounded.
You closely miss Grinder. Your kick misses Grinder.
Grinder is heavily wounded.
Grinder gestures at you. You resist with significant effort.
You hit Grinder. Your headbutt misses Grinder. You punch Grinder.
Grinder is severely wounded.
Grinder hits you but does no damage.
You closely miss Grinder. Your headbutt misses Grinder.
Grinder is severely wounded.
Grinder blinks!
Your +4 dagger of venom stops dripping with poison.
You are now empty-handed.
You hit Grinder.
Grinder is severely wounded.
Grinder closely misses you.
You hit Grinder but do no damage. Your kick misses Grinder.
Grinder is severely wounded.
Grinder gestures at you.
You suddenly lose the ability to move!
Grinder gestures at you. Pain shoots through your body!
* * * LOW HITPOINT WARNING * * *
You can move again.
It was a potion of mutation.
You feel extremely strange.
You feel a strange attunement to the structure of the dungeons.
The horns on your head grow some more.
You begin to heal more quickly.
Grinder hits you.
* * * LOW HITPOINT WARNING * * *
It was a potion of haste.
You feel yourself speed up.
Grinder blinks!
It was a potion of might.
You feel very mighty all of a sudden.
Your transformation is almost over.
Grinder hits you!
You die...

* #.... * ,
.##.### ..≈≈≈≈.
, .....≈. * ,
#≈≈≈≈. , ,
####.. , #..
######## , #..
#§@5...+ , #..
#.###### , ###
#.# , # #.# , #
#.# #####+# #
#.# ##.....# #
#.# #.≈≈≈≈.####
*
#.###...≈≈.....
#.#.....≈≈.≈#
*# *


You could see Grinder (poisoned).

Vanquished Creatures
  A jelly (D:4)
  2 orc wizards (D:4)
  5 adders
  A gnoll (D:4)
  2 dart slugs
  8 orcs
  7 ball pythons
  4 bats
  8 endoplasms
  4 giant cockroaches
  10 goblins
  7 hobgoblins
  4 quokkas
  6 kobolds
  4 rats
73 creatures vanquished.

Notes
Turn   | Place    | Note
-------+----------+-------------------------------------------
     0 | D:1      | dolemite99 the Draconian Transmuter began the quest for the
                  | Orb.
     0 | D:1      | Reached XP level 1. HP: 16/16 MP: 3/3
   160 | D:1      | Reached skill level 1 in Short Blades
   160 | D:1      | Reached XP level 2. HP: 23/23 MP: 1/5
   607 | D:1      | Reached skill level 2 in Short Blades
   747 | D:1      | Reached XP level 3. HP: 28/28 MP: 6/6
  1489 | D:2      | Reached skill level 3 in Short Blades
  2016 | D:2      | Found a faded altar of an unknown god.
  2115 | D:3      | Noticed a bullfrog
  2133 | D:3      | Reached XP level 4. HP: 31/35 MP: 7/7
  3395 | D:3      | Reached XP level 5. HP: 27/40 MP: 8/8
  3489 | D:5      | Entered Level 5 of the Dungeon
  3499 | D:4      | Found a blossoming altar of Fedhas.
  3743 | D:4      | Reached skill level 4 in Short Blades
  4127 | D:4      | Noticed Grinder
  4143 | D:4      | Paralysed by Grinder for 2 turns
  4145 | D:4      | Gained mutation: You passively map a small area around you.
                  | [potion of mutation]
  4145 | D:4      | Gained mutation: You have a pair of large horns on your
                  | head. [potion of mutation]
  4145 | D:4      | Gained mutation: Your natural rate of healing is unusually
                  | fast. [potion of mutation]
  4147 | D:4      | Slain by Grinder

Illustrated notes

Levels and vault maps discovered:
D:1:      dpeg_arrival_water_fire, layout_basic, supply_closet_lemuel
D:2:      layout_rooms, shapermc_ecumenical_altar_mp_vishouse
D:3:      layout_loops_ring, lightli_corner_chamber
D:4:      layout_basic, fedhas_altar_2, serial_rivers,
          chequers_serial_rivers_micro_c, chequers_serial_rivers_micro_a,
          chequers_serial_rivers_micro_d, chequers_serial_rivers_micro_d,
          chequers_serial_rivers_small_3, chequers_serial_rivers_marsh,
          uniq_grinder
D:5:      layout_rooms, minmay_manual_mandibuliform, uniq_blork_the_orc

Skill      XL: |  1  2  3  4  5 |
---------------+----------------+-----
Short Blades   | 1 2 3 4 |  4.3
Transmutations | 3 |  3.8
Fighting       | |  1.1
Dodging        | |  1.7
Unarmed Combat | |  3.1
Spellcasting   | |  2.0

Action                   |  1- 3 |  4- 6 || total
-------------------------+-------+-------++-------
Melee: Unarmed           |     6 |     2 ||     8
       Dagger            |    95 |   116 ||   211
       Headbutt          |     4 |    10 ||    14
       Tailslap          |     7 |     9 ||    16
       Kick              |     3 |     9 ||    12
       Punch             |     1 |     5 ||     6
 Cast: Beastly Appendage |     3 |     8 ||    11
  Use: Scroll            |       |     3 ||     3
       Potion            |       |     3 ||     3
 Stab: Sleeping          |     1 |       ||     1
Armor: Skin              |    27 |    28 ||    55
Dodge: Dodged            |    79 |    65 ||   144

Table legend: (Time is in decaauts)
 A = Elapsed time spent in this place.
 B = Non-inter-level travel time spent in this place.
 C = Inter-level travel time spent in this place.
 D = Time resting spent in this place.
 E = Time spent auto-exploring this place.
 F = Levels seen in this place.
 G = Mean time per level.
                   A        B        C        D        E       F      G
               +--------+--------+--------+--------+--------+-----+--------+
         Total |   4128 |   4037 |     91 |    723 |   2636 |   5 |  825.6 |
       Dungeon |   4128 |   4037 |     91 |    723 |   2636 |   5 |  825.6 |
               +--------+--------+--------+--------+--------+-----+--------+

Top non-repeatable levels by time:
     D:1: 1321 daAuts
     D:3: 1244 daAuts
     D:4: 805 daAuts
     D:2: 755 daAuts
     D:5: 1 daAuts
